 Dungeon Crawl Stone Soup version 0.29.1-15-g9cfb28693d (webtiles) character file.

Game seed: 6115882696253109701

426 leafyfresh the Covert (level 6, -4/45 HPs)
             Began as an Octopode Delver on Mar 4, 2023.
             Was an Initiate of Ashenzari.
             Slain by a river rat (6 damage)
             ... on level 6 of the Dungeon.
             The game lasted 00:01:47 (1223 turns).

leafyfresh the Covert (Octopode Delver)             Turns: 1223, Time: 00:01:47

Health: -4/45      AC:  1    Str: 11    XL:     6   Next: 97%
Magic:  6/6        EV: 14    Int: 14    God:    Ashenzari [......]
Gold:   25         SH:  0    Dex: 14    Spells: 5/5 levels left

rFire   . . .      SeeInvis .   g - +1 hand axe (elec)
rCold   . . .      Faith    .   (no shield)
rNeg    . . .      Spirit   .   (helmet restricted)
rPois   .          Reflect  .   (no amulet)
rElec   .          Harm     .   (no ring)
rCorr   .          Rampage  .   (no ring)
Will    .....                   (no ring)
Stlth   +++++.....              (no ring)
HPRegen 0.15/turn               (no ring)
MPRegen 0.10/turn               (no ring)
                                (no ring)
                                (no ring)

@: no status effects
A: almost no armour, amphibious, 8 rings, camouflage 1, gelatinous body 1,
(nimble swimmer 1), tentacles
a: Renounce Religion


You were on level 6 of the Dungeon.
You worshipped Ashenzari.
Ashenzari was noncommittal.
You visited 1 branch of the dungeon, and saw 2 of its levels.

You collected 25 gold pieces.

Inventory:

Hand Weapons
 a - a +0 short sword
 g - a +1 hand axe of electrocution (weapon)
Wands
 f - a wand of digging (2)
Scrolls
 b - a scroll of fog
 c - a scroll of magic mapping
 d - a scroll of fear
 h - a scroll of enchant weapon {unknown}
Potions
 e - a potion of haste
 i - a potion of heal wounds {unknown}


   Skills:
 + Level 5.0 Fighting
 - Level 2.0 Short Blades
 + Level 4.3 Dodging
 + Level 8.7 Stealth


You had 5 spell levels left.
You didn't know any spells.
Your spell library was empty.

Dungeon Overview and Level Annotations

Branches:
Dungeon (6/15)
 Temple: D:4-7

Altars:
Ashenzari


Innate Abilities, Weirdness & Mutations

You cannot wear most types of armour.
You are amphibious.
You can wear up to eight rings at the same time.
Your skin changes colour to match your surroundings (Stealth+).
Your rubbery body absorbs attacks. (AC +1, EV +1)
((You are camouflaged when in or above water. (Stealth+)))
You have tentacles for arms and can constrict up to eight enemies at once.


Message History

Unknown command.
You barely miss the river rat. You grab the river rat.
You constrict the river rat. The river rat misses you.
Unknown command.
You hit the river rat. You squeeze the river rat!
The river rat is almost dead.
You constrict the river rat.
You kill the river rat!
Unknown command.
You closely miss the river rat. You grab the river rat.
You constrict the river rat, but do no damage.
The river rat barely misses you. The river rat completely misses you.
Unknown command.
You hit the river rat.
The river rat is moderately wounded.
You constrict the river rat. The river rat bites you.
* * * LOW HITPOINT WARNING * * *
Unknown command.
You completely miss the river rat.
The river rat is severely wounded.
You constrict the river rat. The river rat barely misses you.
Unknown command.
You hit the river rat.
Lightning courses through the river rat!
You kill the river rat!
The river rat bites you.
* * * LOW HITPOINT WARNING * * *
Unknown command.
Unknown command.
You hit the river rat. Your grab misses the river rat.
Your squeeze misses the river rat.
The river rat is lightly wounded.
The river rat closely misses you.
Unknown command.
You closely miss the river rat. You grab the river rat.
You squeeze the river rat.
The river rat is heavily wounded.
You constrict the river rat, but do no damage.
The river rat bites you.
You die...

#.########
####........#
......#####.#####.#
##.....# #.......#
##...## #..######
##.## ###.## #.#
#..########### #.#
#..###.....÷.### #.#
##.##...#@..##..####
#.# #.##.
#r#######.#.# #.#
##.##...r.rr# ##.##
#.#
###.##..#.r...####.#
#.###..##...
#rr.[##..##
#.######. ...##.###
##.###### #####.##
##...#.###.#..##
####.#.†.#.###


You could see 2 river rats.

Vanquished Creatures
  A necrophage (D:5)
  2 orc priests (D:6)
  An iguana (D:5)
  An orc wizard (D:6)
  3 hell rats (D:6)
  2 adders
  18 river rats (D:6)
  3 orcs (D:6)
31 creatures vanquished.

Notes
Turn   | Place    | Note
-------+----------+-------------------------------------------
     0 | D:5      | leafyfresh the Octopode Delver began the quest for the Orb.
     0 | D:5      | Reached XP level 1. HP: 16/16 MP: 1/1
     6 | D:5      | Noticed a necrophage
     6 | D:5      | Noticed an iguana
     8 | D:5      | Found a broken altar of Ashenzari.
    18 | D:5      | Killed a necrophage
    19 | D:5      | Reached skill level 7 in Stealth
    19 | D:5      | Reached XP level 2. HP: 17/22 MP: 2/2
    19 | D:5      | Reached XP level 3. HP: 21/27 MP: 3/3
    19 | D:5      | Reached XP level 4. HP: 26/33 MP: 4/4
    52 | D:5      | Noticed a phantom
    69 | D:5      | Became a worshipper of Ashenzari the Shackled
    99 | D:6      | Reached XP level 5. HP: 25/37 MP: 5/5
   641 | D:6      | Reached skill level 8 in Stealth
   780 | D:6      | Reached XP level 6. HP: 43/44 MP: 6/6
  1193 | D:6      | Found the +2 ratskin cloak {*Rats rPois rN+ Str-1 Int-1
                  | Dex+1}
  1215 | D:6      | Reached skill level 5 in Fighting
  1221 | D:6      | HP: 2/45 [river rat (4)]
  1223 | D:6      | Slain by a river rat

Illustrated notes

Levels and vault maps discovered:
D:5:      layout_loops_cross, nicolae_dithmenos_through_a_glass_darkly,
          ashenzari_conservatory_becter
D:6:      wander_guarded_unrand_ratskin, layout_loops_corners,
          minmay_temple_entry_drinking_statues, minmay_misc_feat_columns

Skill      XL: |  1  2  3  4  5  6 |
---------------+-------------------+-----
Stealth        | 7 8 |  8.7
Dodging        | 3 4 |  4.3
Fighting       | 4 5 |  5.0
Short Blades   | |  2.0

Action                   |  1- 3 |  4- 6 || total
-------------------------+-------+-------++-------
Melee: Short sword       |     6 |    23 ||    29
       Tentacles         |     1 |    17 ||    18
       Constrict         |     1 |    20 ||    21
       Punch             |       |     3 ||     3
       Hand axe          |       |    57 ||    57
Evoke: Wand              |       |     1 ||     1
 Stab: Sleeping          |       |    10 ||    10
Armor: Skin              |       |     3 ||     3
Dodge: Dodged            |     4 |    46 ||    50
